Map: Magannatha LE

Players

Scran - Winner!

  • Race: Protoss Protoss
  • League: Diamond
  • Spawn Location: 5:00

ManlyManMeat

  • Race: Zerg Zerg
  • League: Diamond
  • Spawn Location: 11:00

VOD

Have the link to the VOD?

Description

Time

  • Played on: July 7, 2025, 6:55 a.m.
  • Length: 12:57
Show
View Real Time Build Order
Export as new Build Order

Scran Protoss - Winner!

Build Orders: 1 Gate Expand, Oracle Opening 

Get SALT Encoding   

  12  0:00  Probe  
  13  0:12  Probe  
  14  0:19  Pylon  
  14  0:24  Probe  
  15  0:37  Probe  
  15  0:38  Gateway  
  16  0:45  Probe  
  17  0:50  Assimilator  
  17  0:55  Probe  
  18  1:07  Probe  
  19  1:19  Probe  
  19  1:25  Nexus  
  19  1:35  Cybernetics Core  
  19  1:45  Pylon  
  19  1:49  Assimilator  
  19  1:50  Probe  
  20  2:02  Probe, Adept  
  21  2:14  Gateway  
  21  2:15  Probe  
  24  2:25  Stargate  
  24  2:27  Probe  
  25  2:35  Probe, Adept  
  27  2:39  Probe  
  27  2:43  Probe  
  27  2:44  Warp Gate  
  30  2:52  Probe  
  30  2:53  Probe  
  32  3:01  Probe  
  32  3:02  Adept  
  32  3:04  Probe  
  32  3:05  Oracle  
  36  3:09  Probe  
  36  3:16  Probe  
  41  3:23  Probe  
  42  3:28  Probe, Stalker  
  45  3:35  Pylon, Probe  
  46  3:53  Oracle, Probe x2  
  49  4:05  Probe  
  49  4:06  Probe  
  51  4:18  Probe  
  52  4:29  Probe  
  52  4:30  Probe  
  52  4:33  Stalker  
  54  4:49  Nexus  
  54  4:50  Pylon  
  54  4:51  Pylon  
  54  4:53  Twilight Council  
  54  4:55  Gateway  
  54  4:56  Gateway  
  54  5:03  Pylon  
  54  5:08  Probe  
  54  5:09  Stalker  
  54  5:13  Stalker  
  59  5:22  Shield Battery  
  59  5:24  Shield Battery  
  59  5:27  Probe x2  
  61  5:32  Assimilator  
  61  5:34  Assimilator  
  61  5:36  Stalker  
  61  5:37  Stalker  
  61  5:39  Probe x2  
  67  5:51  Probe x2  
  67  5:56  Stalker x2  
  69  6:03  Probe  
  69  6:04  Probe  
  71  6:05  Blink  
  71  6:12  Stalker  
  71  6:13  Stalker  
  71  6:17  Robotics Facility  
  75  6:20  Gateway  
  75  6:23  Pylon, Gateway  
  75  6:26  Gateway x2  
  75  6:36  Probe, Stalker x2  
  75  6:37  Stalker x2  
  75  6:38  Forge, Probe  
  75  6:39  Forge, Probe  
  85  6:40  Pylon  
  85  6:44  Probe  
  86  6:48  Assimilator  
  86  6:51  Probe x2, Assimilator  
  89  6:54  Probe  
  89  7:00  Stalker  
  92  7:03  Probe  
  92  7:04  Stalker x3  
  92  7:06  Probe x2  
  101  7:15  Probe  
  102  7:18  Probe  
  103  7:26  Stalker  
  103  7:27  Stalker  
  106  7:32  Protoss Ground Armor Level 1, Protoss Ground Weapons Level 1  
  106  7:38  Stalker  
  106  7:43  Pylon  
  108  7:47  Pylon  
  108  7:54  Immortal  
  108  8:01  Probe  
  113  8:05  Nexus  
  113  8:09  Probe  
  113  8:12  Pylon  
  113  8:15  Pylon  
  113  8:16  Charge  
  113  8:18  Probe  
  114  8:20  Zealot x5  
  114  8:24  Templar Archives  
  114  8:26  Robotics Bay  
  125  8:29  Observer, Robotics Facility  
  125  8:31  Probe  
  127  8:34  Zealot x3  
  133  8:42  Stalker x4  
  141  8:50  Probe  
  141  9:15  Immortal  
  123  9:21  Stalker x2  
  123  9:22  Stalker x6  
  136  9:58  Psionic Storm  
  136  9:59  Pylon, Extended Thermal Lance  
  136  10:07  Nexus  
  136  10:10  Pylon  
  116  11:04  Zealot x8  
  111  11:28  Colossus x2  
  111  11:31  Zealot x7  
  111  11:32  Zealot  
  133  11:44  Probe  
  133  11:45  Photon Cannon  
  133  11:50  Assimilator  
  133  11:52  Probe  
  134  11:54  Assimilator  
  134  11:56  Photon Cannon  
  134  11:59  Photon Cannon  
  133  12:02  Probe  
  133  12:03  Photon Cannon  
  133  12:04  Shield Battery  
  132  12:14  Probe  
  117  12:20  Zealot x6  
  117  12:21  Zealot x2  
  117  12:22  Observer x2  
  135  12:26  Probe  
  130  12:43  Zealot x8  
  142  12:48  Nexus  
  142  12:49  Pylon  
  130  12:52  Pylon  
Show
View Real Time Build Order
Export as new Build Order

ManlyManMeat Zerg 

Build Orders: Hatch First 

Get SALT Encoding   

  12  0:00  Drone  
  13  0:08  Drone  
  14  0:15  Extractor  
  14  0:16  Drone  
  15  0:23  Overlord  
  15  0:42  Drone  
  16  0:46  Hatchery  
  15  0:50  Drone  
  15  0:54  Drone  
  17  0:57  Drone  
  18  1:09  Extractor  
  17  1:14  Spawning Pool  
  17  1:17  Drone  
  17  1:23  Drone  
  18  1:27  Drone  
  19  1:37  Drone  
  20  2:00  Queen  
  20  2:01  Zergling x2, Queen  
  24  2:04  Zergling x2  
  26  2:09  Overlord  
  26  2:13  Drone  
  27  2:15  Drone  
  28  2:25  Overlord  
  28  2:37  Drone x3  
  28  2:41  Drone  
  32  2:54  Hatchery  
  31  2:59  Drone x2  
  31  3:00  Drone  
  34  3:18  Queen  
  34  3:19  Queen  
  38  3:23  Drone x4  
  42  3:28  Drone x2  
  42  3:29  Overlord  
  42  3:32  Overlord  
  44  3:37  Metabolic Boost  
  44  3:50  Zergling x8  
  46  4:03  Zergling x8  
  46  4:08  Drone x2  
  44  4:26  Spore Crawler  
  44  4:27  Spore Crawler  
  42  4:41  Drone x3  
  42  4:43  Drone x4  
  49  4:51  Lair  
  49  4:52  Baneling Nest  
  48  4:55  Extractor  
  48  4:56  Spore Crawler  
  46  5:00  Hatchery  
  45  5:11  Hatchery  
  43  5:19  Drone x3  
  43  5:20  Drone  
  47  5:22  Drone x4  
  47  5:23  Drone x4  
  55  5:29  Drone x2  
  55  5:31  Evolution Chamber  
  56  5:46  Queen  
  57  5:51  Zergling x2  
  57  5:53  Overlord x2  
  57  5:54  Overlord x2  
  55  6:19  Zerg Melee Weapons Level 1  
  55  6:20  Overlord  
  55  6:21  Centrifugal Hooks  
  55  6:23  Spawning Pool  
  55  6:24  Drone x2  
  55  6:25  Drone x2  
  58  6:26  Hatchery  
  56  6:40  Drone x3  
  56  6:44  Drone x4  
  63  6:49  Drone  
  63  6:52  Hatchery  
  63  7:00  Drone x3  
  63  7:01  Drone x4  
  70  7:03  Baneling x7  
  70  7:04  Baneling x2  
  70  7:11  Zergling x12  
  76  7:27  Zergling x22  
  82  7:46  Zergling x10  
  87  7:57  Spore Crawler  
  86  8:05  Baneling x10  
  86  8:09  Zergling x16  
  86  8:10  Zergling x14  
  101  8:32  Baneling x9  
  102  8:34  Drone x4  
  102  8:35  Extractor  
  102  8:38  Extractor  
  102  8:40  Extractor x2  
  93  9:02  Zergling x2  
  91  9:03  Zergling x34, Overlord x3  
  91  9:04  Overlord  
  106  9:10  Drone x4  
  106  9:13  Zerg Missile Weapons Level 1  
  95  9:27  Baneling  
  95  9:28  Baneling  
  90  9:41  Hydralisk Den  
  85  9:54  Baneling x5  
  85  9:55  Zergling x14  
  85  9:56  Zergling x6  
  95  10:01  Drone x3  
  98  10:14  Hydralisk x13  
  120  10:40  Hydralisk x4  
  120  10:41  Zergling x18  
  120  10:42  Zergling x12  
  131  10:46  Zergling x14  
  123  10:55  Zergling x14  
  123  10:56  Zergling x2  
  96  11:12  Hydralisk x2, Zergling x14  
  98  11:20  Zergling x16  
  101  11:29  Hydralisk  
  101  11:30  Hydralisk x5  
  111  11:48  Hydralisk x3  
  111  11:49  Zergling x18  
  90  12:26  Zergling x32, Hydralisk x2  
  90  12:27  Hydralisk x2, Zergling x8  
  100  12:35  Zergling x2  
  95  12:40  Zergling x8, Drone  
Tags
 
Add a new tag
Caveats
  • Supply blocks, unpowered buildings, or Contaminate may cause inaccurate times.
  • Supply counts are checked every 10 seconds.